 Dungeon Crawl Stone Soup version 0.31-a0-115-g4708a659fe (webtiles) character file.

Game seed: 12700398569938878138

114 wilfster70 the Vexing (level 4, -1/24 HPs)
             Began as a Gargoyle Enchanter on May 29, 2023.
             Slain by a goblin
             ... wielding a +0 dagger
             ... led by Robin
              (5 damage)
             ... on level 3 of the Dungeon.
             The game lasted 00:06:54 (2275 turns).

wilfster70 the Vexing (Gargoyle Enchanter)          Turns: 2275, Time: 00:06:55

Health: -1/24      AC:  5    Str: 11    XL:     4   Next: 97%
Magic:  8/8        EV: 12    Int: 18    God:
Gold:   145        SH:  0    Dex: 10    Spells: 3/8 levels left

rFire   . . .        a - +5 dagger (venom)
rCold   . . .        (no shield)
rNeg    + . .        d - +0 robe
rPois   ∞            (no helmet)
rElec   +            (no cloak)
rCorr   .            (no gloves)
SInv    .            (no boots)
Will    .....        (no amulet)
Stlth   ++           (no ring)
HPRegen 0.24/turn    (no ring)
MPRegen 0.11/turn

%: no passive effects
@: no status effects
A: sickness immunity, AC +3, negative energy resistance 1, electricity
resistance, torment resistance 1, petrification resistance
a: no special abilities


You were on level 3 of the Dungeon.
You visited 1 branch of the dungeon, and saw 3 of its levels.

You collected 145 gold pieces.

Inventory:

Hand Weapons
 a - a +5 dagger of venom (weapon)
 b - a +0 sling
Missiles
 e - 4 poisoned darts (quivered)
 h - 3 curare-tipped darts
Armour
 d - a +0 robe (worn)
Magical Staves
 f - a staff of conjuration
Potions
 c - 2 potions of invisibility
 g - 3 potions of curing
 i - a potion of magic
 j - a potion of brilliance


   Skills:
 - Level 1.0 Short Blades
 - Level 1.6 Dodging
 - Level 3.3 Stealth
 + Level 2.9 Spellcasting
 * Level 4.0 Hexes
 + Level 1.4 Ice Magic


You had 3 spell levels left.
You knew the following spells:

 Your Spells              Type           Power      Damage    Failure   Level
a - Ensorcelled Hibernat  Hex/Ice        24%        N/A       9%          2
b - Confusing Touch       Hex            17%        N/A       10%         3

Your spell library contained the following spells:

 Spells                   Type           Power      Damage    Failure   Level
 Tukima's Dance           Hex            17%        N/A       10%         3
 Necrotise                Necr           8%         1d4       17%         1
 Dazzling Flash           Conj/Hex       18%        N/A       22%         3
 Vampiric Draining        Necr           2%         2d6       45%         3
 Agony                    Necr           2%         N/A       99%         5


Dungeon Overview and Level Annotations

Branches:
Dungeon (3/15)

Altars:

Shops:
D:2 (

Annotations:
D:3 Robin


Innate Abilities, Weirdness & Mutations

You are immune to sickness and miasma.
Your stone body is resilient. (AC +3)
You are immune to poison.
You resist negative energy. (rN+)
You are resistant to electric shocks. (rElec)
You are resistant to unholy torment.
You are immune to petrification.


Message History

A goblin comes into view. It is wielding a +0 dagger of venom.
The goblin hits you with a +0 dagger.
You closely miss the goblin. The frilled lizard closely misses you.
The goblin hits you with a +0 dagger. Robin hits you but does no damage.
The goblin shouts!
You hit the goblin.
The goblin is poisoned.
The goblin is heavily wounded.
The frilled lizard bites you but does no damage.
The goblin hits you but does no damage.
You barely miss the goblin.
The goblin is heavily wounded.
You kill the goblin!
The frilled lizard bites you but does no damage.
Robin throws the goblin at you!
You miss the frilled lizard.
The frilled lizard completely misses you.
The goblin hits you but does no damage. Robin barely misses you.
You closely miss the frilled lizard. The frilled lizard barely misses you.
The goblin hits you but does no damage.
You hit the frilled lizard.
You kill the frilled lizard!
The goblin no longer looks unusually strong.
The goblin hits you with a +1 dagger of venom.
You barely miss the goblin. The goblin barely misses you.
The goblin hits you with a +1 dagger of venom.
Robin hits you from afar with a +0 spear.
* * * LOW HITPOINT WARNING * * *
You hit the goblin.
You kill the goblin!
The goblin barely misses you. Robin hits you but does no damage.
You hit the goblin.
The goblin is poisoned.
The goblin is heavily wounded.
The goblin no longer looks unusually strong.
The goblin closely misses you.
The goblin hits you with a +1 dagger of venom.
* * * LOW HITPOINT WARNING * * *
Robin misses you.
You miss the goblin. The goblin misses you.
The goblin hits you with a +0 dagger.
You die...

)......... #.#.#.#.## # #
.........# #.. #
#.#.#.#.## g.g#$#
†........# .#...#
.........# #......
.........##### .......
.........#...#####g......
..#......'...'.g@gg...?..
#####.####...#####g.[....
#.# ##### ....... #.#
....... #.# ....... #.#
####### #.. ###


You could see Robin and 4 goblins.

Vanquished Creatures
  3 adders (D:2)
  3 worms (D:2)
  A dart slug (D:2)
  5 ball pythons
  4 endoplasms
  6 giant cockroaches
  4 hobgoblins
  2 jackals (D:3)
  3 quokkas
  15 bats
  5 frilled lizards
  14 goblins
  3 kobolds
  7 rats
75 creatures vanquished.

Notes
Turn   | Place    | Note
-------+----------+-------------------------------------------
     0 | D:1      | wilfster70 the Gargoyle Enchanter began the quest for the
                  | Orb.
     0 | D:1      | Reached XP level 1. HP: 10/10 MP: 3/3
    97 | D:1      | Reached skill level 1 in Short Blades
   193 | D:1      | Reached XP level 2. HP: 10/15 MP: 5/5
   332 | D:1      | Reached skill level 3 in Hexes
   332 | D:1      | You fall into a shaft and drop 1 floor!
   845 | D:2      | Reached XP level 3. HP: 19/19 MP: 6/6
   851 | D:2      | Learned a level 2 spell: Ensorcelled Hibernation
   943 | D:2      | Found Dupt's Weapon Shop.
  1283 | D:2      | Found a faded altar of an unknown god.
  1350 | D:2      | Reached XP level 4. HP: 24/24 MP: 7/7
  1361 | D:2      | Learned a level 3 spell: Confusing Touch
  1444 | D:2      | Reached skill level 1 in Ice Magic
  2253 | D:3      | Identified the +0 helmet of Dyspraxia {rC+ Regen+ Dex+3}
  2253 | D:3      | Noticed Robin
  2258 | D:3      | Reached skill level 4 in Hexes
  2275 | D:3      | Slain by a goblin

Illustrated notes

Levels and vault maps discovered:
D:1:      ebering_trefoil_twist, layout_loops_corners
D:2:      layout_basic, serial_shops, nicolae_shop_tiny_real_fake_doors,
          shapermc_ecumenical_altar_mp_ritualfount, minivault_5,
          serial_bayou_lagoon_a, grunt_ministairs_13, st_stairs_12,
          hangedman_decor_opposing, kennysheep_small_spiral,
          palyth_stone_intersect, nicolae_underground_beach
D:3:      layout_basic, roderic_batcave, corexii_corridor_pit, st_stairs_13,
          kennysheep_generic_room_9, uniq_robin

Skill      XL: |  1  2  3  4 |
---------------+-------------+-----
Short Blades   | 1 |  1.0
Hexes          | 3 4 |  4.0
Ice Magic      | 1 |  1.4
Dodging        | |  1.6
Stealth        | |  3.3
Spellcasting   | |  2.9

Action                     |  1- 3 |  4- 6 || total
---------------------------+-------+-------++-------
  Melee: Dagger            |   104 |    80 ||   184
    Use: Scroll            |     6 |     4 ||    10
   Stab: Sleeping          |     8 |     2 ||    10
 Armour: Robe              |    28 |    38 ||    66
  Dodge: Dodged            |    52 |    56 ||   108

Table legend: (Time is in decaauts)
 A = Elapsed time spent in this place.
 B = Non-inter-level travel time spent in this place.
 C = Inter-level travel time spent in this place.
 D = Time resting spent in this place.
 E = Time spent auto-exploring this place.
 F = Levels seen in this place.
 G = Mean time per level.
                   A        B        C        D        E       F      G
               +--------+--------+--------+--------+--------+-----+--------+
         Total |   2281 |   2175 |    106 |     57 |   1345 |   3 |  760.3 |
       Dungeon |   2281 |   2175 |    106 |     57 |   1345 |   3 |  760.3 |
               +--------+--------+--------+--------+--------+-----+--------+

Top non-repeatable levels by time:
     D:2: 1160 daAuts
     D:1: 825 daAuts
     D:3: 296 daAuts
